Map: Oxide LE

Players

HeroMarine

  • Race: Terran Terran

Serral - Winner!

  • Race: Zerg Zerg

Event: DreamHack SC2 Masters 2021 Fall

VOD

Have the link to the VOD?

Description

Time

  • Played on: Aug. 14, 2021, 12:43 p.m.
  • Length: 19:13

All games in this series

Show
View Real Time Build Order
Export as new Build Order

HeroMarine Terran 

Build Orders: Reaper Expand, Hellion Banshee 

Get SALT Encoding   

  12  0:00  SCV  
  13  0:12  SCV  
  14  0:16  Supply Depot  
  14  0:24  SCV  
  15  0:38  SCV  
  15  0:39  Barracks  
  16  0:43  Refinery  
  16  0:50  SCV  
  17  1:02  SCV  
  18  1:14  SCV  
  19  1:26  Reaper, Orbital Command  
  20  1:38  Command Center  
  20  1:49  Supply Depot  
  20  1:52  SCV  
  21  1:58  Marine  
  22  2:04  SCV  
  22  2:07  Factory  
  23  2:16  SCV  
  23  2:18  Refinery  
  23  2:20  Barracks Reactor  
  24  2:28  SCV  
  25  2:40  SCV  
  26  2:52  Orbital Command, Starport  
  26  2:53  SCV  
  27  2:59  Hellion  
  27  3:00  Hellion  
  27  3:05  SCV  
  32  3:06  Barracks Tech Lab  
  32  3:17  SCV x2  
  34  3:21  Hellion x2  
  34  3:25  Supply Depot  
  38  3:29  SCV x2  
  40  3:35  Banshee, Cloaking Field  
  44  3:41  SCV x2  
  44  3:47  Supply Depot, Hellion  
  44  3:48  Hellion  
  49  3:53  SCV x2  
  49  3:55  Barracks Tech Lab  
  51  4:05  SCV x2  
  53  4:10  Command Center  
  53  4:14  Marine, Stimpack  
  54  4:18  Banshee  
  54  4:21  SCV x2  
  59  4:27  Factory Reactor  
  59  4:28  Barracks  
  59  4:33  Barracks  
  59  4:34  SCV  
  59  4:35  SCV  
  61  4:42  Supply Depot  
  61  4:46  SCV, Engineering Bay  
  61  4:47  Engineering Bay  
  62  5:03  Marine, SCV x2  
  65  5:08  Starport Reactor  
  65  5:11  Refinery x2  
  65  5:14  Terran Infantry Armor Level 1, Terran Infantry Weapons Level 1  
  65  5:16  SCV x2  
  67  5:22  Orbital Command  
  67  5:24  Marine x2  
  67  5:25  Marine x3  
  67  5:28  SCV x2  
  74  5:37  Supply Depot  
  74  5:40  SCV x2, Siege Tank  
  74  5:42  Marine x4  
  80  5:47  Supply Depot, Orbital Command  
  83  5:52  SCV x2  
  83  5:55  Supply Depot  
  85  5:58  Marine  
  85  6:00  Marine  
  85  6:04  SCV x2  
  85  6:05  Marine x2  
  85  6:07  Medivac x2  
  93  6:13  Combat Shield  
  93  6:14  Barracks  
  93  6:15  Barracks  
  93  6:16  SCV x2  
  93  6:17  SCV  
  96  6:28  Marine x3, SCV x2  
  96  6:29  SCV  
  96  6:30  Siege Tank  
  105  6:35  Marine  
  105  6:37  Marine  
  105  6:39  Medivac  
  109  6:41  Supply Depot  
  109  6:49  Supply Depot  
  109  6:50  Supply Depot  
  109  7:03  Marine x4, SCV, Medivac  
  109  7:04  Barracks Reactor x2, SCV  
  109  7:05  Supply Depot  
  117  7:10  Marine  
  117  7:11  SCV, Armory  
  117  7:15  SCV  
  120  7:16  SCV  
  120  7:20  Marine x4, Medivac, Siege Tank  
  130  7:23  SCV  
  130  7:26  Refinery, Supply Depot  
  130  7:28  Marine, SCV  
  133  7:38  Marine x4  
  133  7:43  Marine x3  
  140  7:44  Medivac  
  140  7:46  Marine  
  140  7:49  Marine  
  140  7:50  Medivac  
  138  7:52  SCV x2  
  138  7:54  SCV  
  138  7:56  Marine x4  
  145  8:01  Marine x3  
  145  8:04  Marine  
  151  8:06  Terran Infantry Weapons Level 2  
  151  8:07  Marine  
  150  8:14  Marine x4  
  150  8:19  Marine x3, Sensor Tower  
  153  8:22  Marine  
  153  8:25  Marine, Medivac  
  156  8:27  Medivac  
  156  8:32  Marine x4  
  156  8:33  Supply Depot  
  140  8:37  Marine x3  
  140  8:39  Marine  
  122  8:43  Marine  
  122  8:45  Widow Mine, Drilling Claws  
  122  8:48  Factory  
  125  8:49  Marine x2  
  125  8:50  Marine x2  
  125  8:53  Command Center  
  125  8:54  Marine  
  125  8:55  Marine  
  131  8:59  Marine x2  
  131  9:00  Terran Infantry Armor Level 2  
  133  9:05  Marine  
  133  9:07  Marine  
  133  9:08  Widow Mine  
  128  9:10  Liberator  
  128  9:13  SCV x2  
  128  9:14  SCV  
  132  9:20  Marine x3  
  132  9:21  Liberator  
  138  9:25  SCV x2  
  138  9:26  SCV  
  138  9:27  Marine  
  138  9:28  Marine  
  143  9:32  Factory Reactor  
  143  9:35  Marine  
  143  9:36  Marine  
  143  9:37  Marine, SCV  
  143  9:38  Marine, SCV x2  
  142  9:41  Widow Mine  
  142  9:44  Marine  
  142  9:45  Marine  
  127  9:50  SCV x3  
  130  9:56  Liberator  
  130  10:03  Marine x2  
  130  10:04  Marine, Liberator  
  141  10:07  Widow Mine  
  141  10:08  Orbital Command  
  141  10:09  Marine x2  
  141  10:11  Marine x2  
  141  10:13  Marine x2  
  144  10:21  Marine x2  
  144  10:23  Widow Mine  
  144  10:26  Marine  
  144  10:27  Marine x2  
  136  10:29  Marine  
  136  10:33  Widow Mine  
  136  10:34  Marine  
  114  10:36  Marine x2  
  114  10:39  Liberator  
  114  10:40  SCV  
  114  10:41  SCV  
  116  10:43  Marine  
  116  10:46  Marine, Liberator  
  116  10:47  Marine  
  122  10:53  Widow Mine x2  
  126  11:00  Marine x3  
  132  11:05  Marine  
  132  11:06  Marine  
  132  11:07  Marine x4  
  125  11:18  Marine x3  
  123  11:23  Marine x2  
  123  11:24  Marine, Widow Mine  
  127  11:30  Marine x2  
  127  11:32  Marine  
  119  11:35  Marine  
Show
View Real Time Build Order
Export as new Build Order

Serral Zerg - Winner!

Build Orders: Hatch First 

Get SALT Encoding   

  12  0:00  Drone  
  13  0:12  Overlord  
  13  0:17  Drone  
  14  0:30  Drone x2  
  16  0:47  Hatchery  
  15  0:51  Drone  
  15  0:54  Drone  
  17  0:57  Drone  
  18  1:08  Extractor  
  17  1:13  Spawning Pool  
  17  1:16  Drone  
  17  1:19  Drone  
  18  1:27  Drone  
  19  1:38  Drone  
  20  1:49  Drone  
  21  1:59  Queen x2  
  21  2:00  Zergling x4  
  27  2:10  Overlord  
  27  2:11  Drone  
  28  2:21  Hatchery  
  27  2:27  Spore Crawler  
  27  2:28  Drone  
  27  2:31  Drone  
  27  2:35  Drone  
  29  2:38  Drone  
  29  2:39  Metabolic Boost  
  31  2:46  Queen  
  33  2:51  Overlord  
  33  2:54  Drone  
  33  2:56  Drone  
  35  2:58  Drone  
  35  3:03  Overlord  
  36  3:13  Drone x4  
  40  3:20  Queen  
  40  3:21  Drone x2  
  44  3:27  Queen  
  44  3:32  Drone x2  
  48  3:35  Queen  
  48  3:39  Overlord  
  50  3:43  Drone x2  
  52  3:48  Zergling x2  
  52  3:49  Zergling x4  
  52  3:51  Overlord  
  52  3:53  Drone  
  52  3:55  Drone  
  57  3:59  Overlord  
  57  4:01  Zergling x2  
  58  4:04  Lair  
  58  4:05  Extractor  
  58  4:07  Drone x2  
  58  4:09  Drone  
  60  4:12  Drone x2  
  60  4:16  Baneling Nest  
  61  4:22  Drone x3  
  64  4:24  Queen  
  64  4:28  Drone x2  
  64  4:30  Overlord  
  68  4:34  Spore Crawler  
  68  4:35  Spore Crawler  
  68  4:37  Spore Crawler  
  65  4:39  Zergling x2  
  65  4:40  Zergling x2  
  65  4:42  Drone  
  65  4:43  Drone  
  65  4:44  Drone  
  70  4:47  Drone x2  
  72  4:53  Zergling x2  
  72  4:54  Drone x4  
  72  4:56  Zergling x2  
  78  5:01  Overseer  
  78  5:02  Extractor  
  78  5:04  Extractor, Drone x4  
  79  5:07  Drone x2  
  79  5:11  Drone  
  79  5:12  Drone  
  82  5:17  Evolution Chamber  
  82  5:18  Evolution Chamber  
  82  5:20  Drone x2  
  82  5:21  Drone  
  82  5:22  Drone  
  82  5:23  Overseer  
  82  5:26  Centrifical Hooks  
  84  5:29  Drone x2  
  84  5:30  Drone  
  84  5:31  Overlord  
  84  5:33  Overlord  
  87  5:36  Overlord  
  87  5:44  Zerg Melee Weapons Level 1, Zerg Ground Armor Level 1  
  87  5:52  Hatchery  
  87  5:53  Drone x2  
  87  5:55  Zergling x4  
  90  5:57  Extractor  
  90  6:03  Zergling x2  
  90  6:04  Zergling x10  
  93  6:09  Zergling x10  
  98  6:16  Zergling x12  
  104  6:19  Drone  
  104  6:25  Overseer  
  105  6:26  Overlord  
  105  6:27  Spore Crawler  
  105  6:30  Baneling x8  
  105  6:31  Baneling x4  
  104  6:36  Overlord  
  104  6:37  Pneumatized Carapace  
  104  6:38  Burrow  
  104  6:43  Baneling  
  104  6:47  Drone  
  104  6:48  Drone x8  
  113  6:55  Overlord  
  113  6:57  Overlord  
  113  6:59  Overlord  
  113  7:00  Baneling x2  
  113  7:06  Zergling x12  
  113  7:07  Queen  
  121  7:12  Drone  
  122  7:16  Zergling x2  
  122  7:17  Zergling x12  
  122  7:20  Baneling x7  
  129  7:24  Baneling x3  
  129  7:25  Baneling  
  129  7:26  Hatchery  
  128  7:31  Overlord  
  128  7:35  Zergling x10  
  128  7:36  Zergling x8  
  134  7:43  Zergling x14  
  137  7:53  Zerg Melee Weapons Level 2  
  137  7:54  Zerg Ground Armor Level 2  
  137  7:55  Zergling x8  
  140  8:03  Drone x4  
  143  8:05  Infestation Pit  
  143  8:08  Baneling x6  
  143  8:09  Zergling x16, Baneling x7  
  145  8:21  Zergling x12  
  145  8:22  Zergling x4  
  145  8:24  Baneling x3  
  147  8:28  Zergling x4  
  147  8:33  Zergling x6  
  137  8:37  Zergling x14  
  137  8:41  Baneling x6  
  129  8:43  Queen, Hive  
  129  8:44  Baneling  
  130  8:48  Zergling x6  
  130  8:49  Zergling x8  
  130  8:53  Baneling x7  
  130  8:54  Baneling x3  
  137  9:02  Zergling x12  
  137  9:04  Zergling x6  
  134  9:11  Drone x5  
  134  9:13  Baneling x3  
  138  9:19  Baneling x5  
  138  9:20  Baneling x3  
  138  9:21  Zergling x22  
  149  9:25  Overlord  
  149  9:37  Zergling x20  
  157  9:38  Spore Crawler  
  157  9:41  Baneling x8  
  157  9:44  Zergling x14  
  157  9:53  Drone x5  
  157  9:55  Adrenal Glands  
  157  9:58  Ultralisk Cavern  
  161  10:01  Zergling x14  
  168  10:09  Baneling x9  
  168  10:10  Overseer  
  168  10:12  Overlord  
  168  10:13  Extractor x2  
  166  10:16  Drone x2  
  166  10:17  Drone  
  148  10:29  Zergling x20  
  148  10:34  Zergling x20  
  152  10:39  Zergling x10  
  157  10:43  Viper  
  157  10:44  Baneling  
  157  10:45  Baneling x11  
  157  10:48  Queen  
  157  10:49  Queen x3  
  166  10:50  Queen  
  166  10:54  Drone x3  
  166  10:55  Drone  
  166  10:56  Baneling x5  
  166  10:57  Baneling x3  
  172  11:04  Zergling x18  
  179  11:17  Zergling x18  
  180  11:24  Zergling x2  
  181  11:29  Zerg Ground Armor Level 3, Zerg Melee Weapons Level 3  
  178  11:33  Zergling x18  

Tags
 
Add a new tag
Caveats
  • Supply blocks, unpowered buildings, or Contaminate may cause inaccurate times.
  • Supply counts are checked every 10 seconds.